 Dungeon Sprint DCSS version 0.30.1-11-g7821555f0a (webtiles) character file.

Game seed: 6462575605855716086

763 Groucho the Unseen (level 7, -1/29 (32) HPs)
             Began as a Spriggan Enchanter on Dec 16, 2023.
             Was a High Priest of Sif Muna.
             Slain by a wight
             ... wielding a +5 hand axe
              (14 damage)
             ... in the Dungeon (Sprint VII: "The Pits").
             The game lasted 00:04:26 (2568 turns).

Groucho the Unseen (Spriggan Enchanter)             Turns: 2568, Time: 00:04:27

HP:   -1/29 (32)    AC:  2    Str:  4    XL:     7   Next: 51%
MP:   17/21         EV: 17    Int: 19    God:    Sif Muna [*****.]
Gold: 0             SH:  0    Dex: 15    Spells: 14/25 levels left

rFire   . . .        a - +2 dagger
rCold   . . .        (no shield)
rNeg    . . .        b - +0 robe
rPois   .            (helmet restricted)
rElec   .            (no cloak)
rCorr   .            (gloves unavailable)
SInv    +            (boots unavailable)
Will    +....        (no amulet)
Stlth   ++++++       (no ring)
HPRegen 0.24/turn    (no ring)
MPRegen 0.17/turn

%: no teleportation
@: drained, very quick
A: very small, no large weapons, unfitting armour, see invisible, speed 3
a: Renounce Religion, Channel Magic, Forget Spell, Divine Exegesis


You were in the Dungeon.
You worshipped Sif Muna.
Sif Muna was extremely pleased with you.
You visited 1 branch

Inventory:

Hand Weapons
 a - a +2 dagger (weapon)
Missiles
 j - 12 stones (quivered)
Armour
 b - a +0 robe (worn)
Scrolls
 i - a scroll of blinking
 k - 5 scrolls of amnesia
 l - a scroll of butterflies
 m - 2 scrolls of vulnerability
Potions
 c - 4 potions of invisibility
 d - 6 potions of curing
 e - 5 potions of heal wounds
 f - a potion of haste
 g - 4 potions of magic
 h - 3 potions of berserk rage


   Skills:
 - Level 2.0 Short Blades
 - Level 2.6 Dodging
 - Level 15.0 Stealth
 + Level 9.7 Spellcasting
 + Level 10.3 Hexes
 + Level 7.6 Invocations


You had 14 spell levels left.
You knew the following spells:

 Your Spells              Type           Power      Damage    Failure   Level
a - Ensorcelled Hibernat  Hex/Ice        56%        N/A       1%          2
b - Confusing Touch       Hex            48%        N/A       1%          3
c - Dazzling Flash        Conj/Hex       56%        N/A       2%          3
d - Tukima's Dance        Hex            48%        N/A       1%          3

Your spell library contained the following spells:

 Spells                   Type           Power      Damage    Failure   Level


Dungeon Overview and Level Annotations

Branches:
Dungeon (1/1)

Altars:
Ashenzari
Cheibriados
Dithmenos
Elyvilon
Fedhas
Gozag
Hepliaklqana
Kikubaaqudgha
Makhleb
Nemelex Xobeh
Okawaru
Qazlal
Ru
Sif Muna
Trog
Uskayaw
Vehumet
Wu Jian
Xom
Yredelemnul
Zin
The Shining One
Jiyva
Lugonu


Innate Abilities, Weirdness & Mutations

You are very small and have problems with some larger weapons.
You are too small for most types of armour.
You have supernaturally acute eyesight. (SInv)
You cover ground extremely quickly. (Speed+++)


Message History

You destroy the wight!
Sif Muna accepts your kill.
Sif Muna will now gift you books as you gain piety.
Casting: Confusing Touch (safe; 1% risk of failure)
Confirm with . or Enter, or press ? or * to list all spells.
Your hands begin to glow red.
The wight hits you with a +5 hand axe!
You feel drained.
You hit the wight but do no damage.
The wight appears confused.
The wight barely misses you.
You hit the wight but do no damage. The wight misses you.
You hit the wight but do no damage. The wight closely misses you.
You hit the wight but do no damage. You barely miss the wight.
You hit the wight but do no damage. The wight hits you with a +5 hand axe!
You feel drained.
The wight hits itself with a +5 hand axe!
You hit the wight but do no damage.
The wight is severely damaged.
You completely miss the wight.
The wight is severely damaged.
You hit the wight but do no damage.
The wight is severely damaged.
The wight misses you.
Unknown command.
Unknown command.
You hit the wight but do no damage.
The wight is severely damaged.
The wight misses you.
You hit the wight but do no damage.
The wight is severely damaged.
The wight barely misses you.
Unknown command.
Unknown command.
You hit the wight but do no damage.
The wight is severely damaged.
The wight closely misses you.
You barely miss the wight.
The wight is severely damaged.
The wight seems less confused.
The wight hits you with a +5 hand axe!
You die...

#)#[[###'####.......#
#.##'#....÷##...<...#
#)#........##.......#
#)#........##.......#
#'###########.......#
#.......#z. #########
#.###)..#.#
#.#.....#z#
#†#...#.#@#
#.....#.#†+
#...###.#'#
#.......'.#
###########


You could see 2 wights.

Vanquished Creatures
  Prince Ribbit (D)
  A water moccasin (D)
  A floating eye (D)
  An orc warrior (D)
  A black bear (D)
  A bullfrog (D)
  A wight (D)
  Crazy Yiuf (D)
  A gnoll (D)
  An adder zombie (D)
  2 adder skeletons (D)
  3 orcs (D)
  A bat skeleton (D)
  A bat zombie (D)
  3 jackals (D)
  2 kobolds (D)
  A frilled lizard (D)
  A rat (D)
24 creatures vanquished.

Notes
Turn   | Place    | Note
-------+----------+-------------------------------------------
     0 | D        | Groucho the Spriggan Enchanter began the quest for the Orb.
     0 | D        | Reached XP level 1. HP: 9/9 MP: 5/5
    27 | D        | Reached skill level 5 in Stealth
   372 | D        | Found a bloodstained altar of Trog.
   372 | D        | Found a shimmering blue altar of Sif Muna.
   372 | D        | Found a viscous altar of Jiyva.
   372 | D        | Found a hazy altar of Hepliaklqana.
   372 | D        | Found an opulent altar of Gozag.
   373 | D        | Found a glowing golden altar of the Shining One.
   373 | D        | Found a glowing silver altar of Zin.
   373 | D        | Found a basalt altar of Yredelemnul.
   373 | D        | Found a shimmering altar of Xom.
   373 | D        | Found an ornate altar of the Wu Jian Council.
   373 | D        | Found a sacrificial altar of Ru.
   373 | D        | Found a stormy altar of Qazlal.
   373 | D        | Found an iron altar of Okawaru.
   373 | D        | Found a sparkling altar of Nemelex Xobeh.
   373 | D        | Found a burning altar of Makhleb.
   373 | D        | Found a blossoming altar of Fedhas.
   373 | D        | Found a white marble altar of Elyvilon.
   373 | D        | Found a shadowy altar of Dithmenos.
   373 | D        | Found a snail-covered altar of Cheibriados.
   375 | D        | Found a radiant altar of Vehumet.
   375 | D        | Found a corrupted altar of Lugonu.
   376 | D        | Found a hide-covered altar of Uskayaw.
   376 | D        | Found an ancient bone altar of Kikubaaqudgha.
   376 | D        | Found a broken altar of Ashenzari.
   380 | D        | Became a worshipper of Sif Muna the Loreminder
   387 | D        | Noticed a floating eye
   389 | D        | Killed a floating eye
   390 | D        | Reached skill level 10 in Stealth
   390 | D        | Reached skill level 5 in Spellcasting
   390 | D        | Reached XP level 2. HP: 13/13 MP: 6/9
   390 | D        | Reached XP level 3. HP: 16/16 MP: 6/10
   390 | D        | Reached XP level 4. HP: 21/21 MP: 7/12
   397 | D        | Learned a level 2 spell: Ensorcelled Hibernation
   401 | D        | Learned a level 3 spell: Confusing Touch
   405 | D        | Learned a level 3 spell: Dazzling Flash
   409 | D        | Learned a level 3 spell: Tukima's Dance
   728 | D        | Reached * piety under Sif Muna
   964 | D        | Reached ** piety under Sif Muna
  1251 | D        | Noticed an orc warrior
  1251 | D        | Noticed Crazy Yiuf
  1316 | D        | Reached *** piety under Sif Muna
  1327 | D        | Noticed a black bear
  1335 | D        | Killed an orc warrior
  1336 | D        | Reached skill level 12 in Stealth
  1336 | D        | Reached XP level 5. HP: 24/24 MP: 5/15
  1347 | D        | Killed Crazy Yiuf
  1348 | D        | Reached skill level 5 in Invocations
  1636 | D        | Reached **** piety under Sif Muna
  2207 | D        | Noticed Prince Ribbit
  2213 | D        | Killed a black bear
  2214 | D        | Reached skill level 13 in Stealth
  2214 | D        | Reached XP level 6. HP: 20/28 MP: 12/17
  2223 | D        | Killed Prince Ribbit
  2224 | D        | Reached skill level 15 in Stealth
  2224 | D        | Reached XP level 7. HP: 25/32 MP: 14/20
  2548 | D        | Reached skill level 10 in Hexes
  2554 | D        | Reached ***** piety under Sif Muna
  2568 | D        | Slain by a wight

Illustrated notes

Levels and vault maps discovered:
D:        pitsprint [storerooms_1, entrance_room_1, metal_vault_5, armoury_1,
          mini_pit_1, grid_room_1, main_hall_1, silver_pit, the_coven_2,
          the_vestibule_1, steel_vault_2, golden_pit, hallway_of_sentries,
          crystal_vault_4, iron_vault_2, final_vault]

Skill      XL: |  1  2  3  4  5  6  7 |
---------------+----------------------+-----
Stealth        | 10 12 13 15 | 15.0
Spellcasting   | 5 6 7 8 9 |  9.7
Hexes          | 6 7 8 9 10 | 10.3
Short Blades   | 2 |  2.0
Invocations    | 3 4 5 6 7 |  7.6
Dodging        | |  2.6

Action                     |  1- 3 |  4- 6 |  7- 9 || total
---------------------------+-------+-------+-------++-------
  Melee: Dagger            |    26 |    51 |    28 ||   105
         Punch             |     1 |       |       ||     1
   Cast: Ensorcelled Hiber |       |    12 |       ||    12
         Confusing Touch   |       |     7 |     2 ||     9
    Use: Potion            |       |     1 |       ||     1
   Stab: Sleeping          |     1 |    11 |     2 ||    14
         Confused          |       |     3 |     1 ||     4
 Armour: Robe              |     2 |    13 |     1 ||    16
  Dodge: Dodged            |    23 |    55 |    25 ||   103
